Griffins vs Little Stars
Created - January 22, 2019 at 20:37
Goals
|
Griffins |
1 |
2 |
0 |
3 |
Little Stars |
0 |
3 |
1 |
4 |
|
Shots
|
Griffins |
5 |
10 |
11 |
26 |
Little Stars |
10 |
16 |
14 |
40 |
|
1st period
1. Griffins , Sean Monahan 17 (Nathan Gerbe 14, Petr Pohl 39) at 15:08 (PP)
Penalties :
Ben Hanowski (Cap) for Goalie Interference (Minor) at 0:17, Anton Slepyshev (Cap) for Tripping (Minor) at 6:29, Shawn Matthias (Tex) for Hooking (Minor) at 10:58, Curtis Glencross (Tex) for Tripping (Minor) at 14:57, Bryan Young (Cap) for Slashing (Minor) at 15:53
2nd period
2. Griffins , Nathan Oystrick 5 (Petr Pohl 40, Sean Monahan 33) at 2:41 (PP)
3. Griffins , Mirco Mueller 1 (Quinton Howden 15, J.T. Brown 16) at 9:49
4. Little Stars , Alexander Vasyunov 8 (Bo Horvat 15, Tyson Barrie 17) at 10:57
5. Little Stars , Shawn Matthias 20 (Cam Atkinson 25, Brian Flynn 40) at 11:11
6. Little Stars , Bo Horvat 7 (Alexander Vasyunov 9, Scott Kosmachuck 7) at 15:47
Penalties :
Curtis Glencross (Tex) for Holding (Minor) at 2:27, Nathan Oystrick (Cap) for Tripping (Minor) at 13:11, Cam Atkinson (Tex) for Holding Stick (Minor) at 16:37, Nicholas Baptiste (Cap) for Roughing (Minor) at 19:03
3rd period
7. Little Stars , Curtis Glencross 2 (Dana Tyrell 28, Stanislav Chistov 1) at 6:33
Penalties :
Nathan Gerbe (Cap) for Cross-checking (Minor) at 14:40, Brian Flynn (Tex) for Slashing (Minor) at 15:18
Goalie Stats
Olivier Roy (Cap), 36 saves from 40 shots - (0.900), L, 9-6-1, 60:00 minutes
Matt Murray (Tex), 23 saves from 26 shots - (0.885), W, 12-9-2, 60:00 minutes
Players Stats for Griffins
Player Name G A P +/- PIM S H SB GA TA FO MP PP MP PK MP
------------------------------------------------------------------------------------
Anton Slepyshev 0 0 0 1 2 1 0 0 0 0 0/0 9:37 0:16 0:00
Ben Hanowski 0 0 0 -1 2 1 1 2 0 0 4/8 20:15 1:36 4:48
Brendan Woods 0 0 0 -2 0 0 2 0 1 0 3/3 13:29 0:00 5:49
Bryan Young 0 0 0 -1 2 1 2 0 0 1 0/0 21:45 1:49 4:46
Ian McCoshen 0 0 0 0 0 1 3 0 0 0 0/0 14:06 0:16 0:46
J.T. Brown 0 1 1 1 0 1 1 0 0 0 0/0 13:04 0:17 3:20
Keith Seabrook 0 0 0 -2 0 0 3 5 0 2 0/0 24:38 1:47 6:00
Mirco Mueller 1 0 1 -1 0 5 0 0 0 1 0/0 14:35 0:00 1:27
Nathan Gerbe 0 1 1 -1 2 2 3 1 1 0 2/4 16:39 3:09 0:20
Nathan Oystrick 1 0 1 0 2 1 0 0 1 1 0/0 20:20 3:12 3:34
Nicholas Baptiste 0 0 0 -2 2 1 0 0 0 0 0/0 7:13 0:16 0:00
Petr Pohl 0 2 2 -1 0 3 3 4 0 0 0/0 18:36 2:31 1:57
Quinton Howden 0 1 1 1 0 3 1 0 0 0 0/4 11:18 0:38 0:00
Robert Dome 0 0 0 -1 0 1 1 1 0 0 10/20 13:45 1:36 0:00
Sean Monahan 1 1 2 -1 0 1 1 0 0 0 8/17 16:33 2:30 0:00
Simon Despres 0 0 0 -2 0 1 1 3 0 0 0/0 24:57 2:58 4:33
Tye McGinn 0 0 0 -1 0 2 2 0 1 1 0/1 20:03 2:14 4:23
Vladislav Namestnikov 0 0 0 -2 0 1 0 0 0 0 3/4 7:07 0:00 0:29
Players Stats for Little Stars
Player Name G A P +/- PIM S H SB GA TA FO MP PP MP PK MP
------------------------------------------------------------------------------------
Alexander Vasyunov 1 1 2 2 0 2 0 0 0 0 0/0 6:19 0:00 0:42
Andrej Sustr 0 0 0 2 0 1 5 1 0 0 0/0 30:02 6:46 2:47
Anton Cederholm 0 0 0 -1 0 2 0 0 0 0 0/0 9:57 0:00 0:00
Bo Horvat 1 1 2 2 0 2 2 0 0 0 4/5 7:29 0:00 1:34
Brian Flynn 0 1 1 0 2 4 1 2 1 0 14/34 20:35 6:04 0:16
Cam Atkinson 0 1 1 0 2 5 2 3 1 0 5/7 22:39 6:05 1:23
Curtis Glencross 1 0 1 1 4 3 3 0 0 0 1/1 19:26 4:27 1:53
Dana Tyrell 0 1 1 1 0 1 5 0 0 1 4/9 18:56 4:27 1:38
Jesse Joensuu 0 0 0 0 0 1 1 0 0 0 0/0 10:53 0:01 0:23
Jordie Benn 0 0 0 2 0 2 2 1 0 1 0/0 20:01 3:47 2:14
Justin Auger 0 0 0 2 0 0 0 0 0 0 0/0 5:58 0:01 0:00
Mathieu Perreault 0 0 0 0 0 1 0 0 0 0 3/3 10:53 0:01 0:23
Phil Oreskovic 0 0 0 2 0 6 0 0 1 1 0/0 30:02 6:46 2:47
Scott Kosmachuck 0 1 1 0 0 1 1 0 0 0 0/0 9:44 0:00 0:00
Shawn Matthias 1 0 1 0 2 2 4 2 1 0 0/2 22:51 6:05 1:35
Stanislav Chistov 0 1 1 1 0 3 0 1 1 0 0/0 17:50 4:27 0:15
Tyler Wotherspoon 0 0 0 -1 0 1 0 0 0 1 0/0 9:57 0:00 0:00
Tyson Barrie 0 1 1 2 0 3 0 1 1 0 0/0 20:01 3:47 2:14
3 Stars
1 - Bo Horvat (Tex)
2 - Alexander Vasyunov (Tex)
3 - Dana Tyrell (Tex)
Power Play
Griffins - 2 on 5 Attempt(s) - 40.00%
Little Stars - 0 on 6 Attempt(s) - 0.00%
Penalty Kill
Griffins - 6 on 6 Attempt(s) - 100.00%
- Score 0 goal in Penalty Kill
Little Stars - 3 on 5 Attempt(s) - 60.00%
- Score 0 goal in Penalty Kill
Team Stat
Griffins - Hits : 24 - Faceoff Wins : 30 - Blocked Shots : 16 - Penalty Minutes : 12
Little Stars - Hits : 26 - Faceoff Wins : 31 - Blocked Shots : 11 - Penalty Minutes : 10
Official
Referees : Unknown
Linesman : Unknown
Game Notes
No Game Note
Finance
Level 1 -- Attendance: 1545 (77.25%) -- Ticket Income $54,075
Level 2 -- Attendance: 755 (75.50%) -- Ticket Income $15,100
Total Attendance: 2300 (76.67%)
Total Ticket Income: $69,175
Other Income: $3,459
Total Income: $72,634
Griffins
5 vs 5 Forward
Center Left Wing Right Wing Time % Phy DF OF
1 Robert Dome Tye McGinn Ben Hanowski 35 0 2 3
2 Sean Monahan Nathan Gerbe Petr Pohl 35 0 2 3
3 Quinton Howden Anton Slepyshev J.T. Brown 20 0 2 3
4 Vladislav Namestnikov Brendan Woods Nicholas Baptiste 10 0 2 3
5 vs 5 Defense
Defense Defense Time % Phy DF OF
1 Simon Despres Keith Seabrook 40 0 2 3
2 Mirco Mueller Bryan Young 30 0 3 2
3 Nathan Oystrick Ian McCoshen 20 0 3 2
4 Nathan Oystrick Ian McCoshen 10 1 2 2
PowerPlay Forward
Center Left Wing Right Wing Time % Phy DF OF
1 Sean Monahan Nathan Gerbe Petr Pohl 60 0 1 4
2 Robert Dome Tye McGinn Ben Hanowski 40 0 1 4
PowerPlay Defense
Defense Defense Time % Phy DF OF
1 Nathan Oystrick Simon Despres 60 0 1 4
2 Bryan Young Keith Seabrook 40 0 1 4
Penalty Kill 4 Players Forward
Center Wing Time % Phy DF OF
1 Ben Hanowski Brendan Woods 60 1 2 2
2 Tye McGinn J.T. Brown 40 1 2 2
Penalty Kill 4 Players Defense
Defense Defense Time % Phy DF OF
1 Keith Seabrook Bryan Young 60 1 2 2
2 Nathan Oystrick Simon Despres 40 1 2 2
Penalty Kill - 3 Players Forward
Forward Time % Phy DF OF
1 J.T. Brown 60 1 2 2
2 Brendan Woods 40 1 2 2
Penalty Kill - 3 Players Defense
Defense Defense Time % Phy DF OF
1 Keith Seabrook Bryan Young 60 1 2 2
2 Nathan Oystrick Simon Despres 40 1 2 2
4 vs 4 Forward
Center Wing Time % Phy DF OF
1 Sean Monahan Petr Pohl 60 1 2 2
2 Robert Dome Tye McGinn 40 1 2 2
4 vs 4 Defense
Defense Defense Time % Phy DF OF
1 Simon Despres Bryan Young 60 1 2 2
2 Keith Seabrook Ian McCoshen 40 1 2 2
Last Minutes Offensive
Center Left Wing Right Wing Defense Defense
Sean Monahan Tye McGinn Petr Pohl Simon Despres Bryan Young
Last Minutes Defensive
Center Left Wing Right Wing Defense Defense
Tye McGinn Brendan Woods J.T. Brown Keith Seabrook Nathan Oystrick
Goaltenders
Starting : Olivier Roy
Backup : Jean-Francois Berube
Extra Forwards
Normal : Petr Pohl, Sean Monahan, Quinton Howden - PP : J.T. Brown, Anton Slepyshev - PK : Petr Pohl
Extra Defensemen
Normal : Simon Despres, Keith Seabrook, Bryan Young - PP : Ian McCoshen - PK : Mirco Mueller, Ian McCoshen
Penalty Shots
Nathan Gerbe, Sean Monahan, Ben Hanowski, Robert Dome, Vladislav Namestnikov
Scratches
Garrett Wilson (Healthy), Tanner Kero (Healthy), Greg McKegg (Healthy), Lucas Lessio (Healthy), Petter Granberg (Left Hand Injury)
Jerome Gauthier-Leduc (Healthy), Konrad Abeltshauser (Healthy), Tomas Hyka (Healthy), Brian Hart (Healthy), Ty Wishart (Right Leg Injury)
Jamie Arniel (Strained Right Knee Injury), Marcus Hogberg (Healthy), Matt Tomkins (Healthy)
Little Stars
5 vs 5 Forward
Center Left Wing Right Wing Time % Phy DF OF
1 Brian Flynn Shawn Matthias Cam Atkinson 40 1 2 2
2 Dana Tyrell Curtis Glencross Stanislav Chistov 30 1 2 2
3 Mathieu Perreault Jesse Joensuu Scott Kosmachuck 20 1 2 2
4 Bo Horvat Alexander Vasyunov Justin Auger 10 1 2 2
5 vs 5 Defense
Defense Defense Time % Phy DF OF
1 Phil Oreskovic Andrej Sustr 40 1 2 2
2 Tyson Barrie Jordie Benn 30 1 2 2
3 Tyler Wotherspoon Anton Cederholm 20 1 2 2
4 Phil Oreskovic Andrej Sustr 10 1 2 2
PowerPlay Forward
Center Left Wing Right Wing Time % Phy DF OF
1 Brian Flynn Shawn Matthias Cam Atkinson 60 0 2 3
2 Dana Tyrell Curtis Glencross Stanislav Chistov 40 0 2 3
PowerPlay Defense
Defense Defense Time % Phy DF OF
1 Phil Oreskovic Andrej Sustr 60 0 2 3
2 Tyson Barrie Jordie Benn 40 0 2 3
Penalty Kill 4 Players Forward
Center Wing Time % Phy DF OF
1 Cam Atkinson Shawn Matthias 60 0 3 2
2 Stanislav Chistov Curtis Glencross 40 0 3 2
Penalty Kill 4 Players Defense
Defense Defense Time % Phy DF OF
1 Phil Oreskovic Andrej Sustr 60 0 3 2
2 Tyson Barrie Jordie Benn 40 0 3 2
Penalty Kill - 3 Players Forward
Forward Time % Phy DF OF
1 Cam Atkinson 60 0 3 2
2 Shawn Matthias 40 0 3 2
Penalty Kill - 3 Players Defense
Defense Defense Time % Phy DF OF
1 Phil Oreskovic Andrej Sustr 60 0 3 2
2 Tyson Barrie Jordie Benn 40 0 3 2
4 vs 4 Forward
Center Wing Time % Phy DF OF
1 Cam Atkinson Shawn Matthias 60 1 2 2
2 Stanislav Chistov Curtis Glencross 40 1 2 2
4 vs 4 Defense
Defense Defense Time % Phy DF OF
1 Phil Oreskovic Andrej Sustr 60 1 2 2
2 Tyson Barrie Jordie Benn 40 1 2 2
Last Minutes Offensive
Center Left Wing Right Wing Defense Defense
Brian Flynn Shawn Matthias Cam Atkinson Phil Oreskovic Andrej Sustr
Last Minutes Defensive
Center Left Wing Right Wing Defense Defense
Brian Flynn Shawn Matthias Cam Atkinson Phil Oreskovic Andrej Sustr
Goaltenders
Starting : Matt Murray
Backup : Peter Delmas
Extra Forwards
Normal : Jesse Joensuu, Mathieu Perreault, Bo Horvat - PP : Jesse Joensuu, Mathieu Perreault - PK : Bo Horvat
Extra Defensemen
Normal : Tyler Wotherspoon, Anton Cederholm, Tyson Barrie - PP : Tyler Wotherspoon - PK : Anton Cederholm, Tyson Barrie
Penalty Shots
Cam Atkinson, Shawn Matthias, Stanislav Chistov, Curtis Glencross, Brian Flynn
Scratches
Daniel O'regan (Healthy), Michael Mersch (Healthy), Zach Budish (Healthy), Adam Tambellini (Healthy), Reece Willcox (Healthy)
Ville Pokka (Healthy), Jason Dickinson (Healthy), Emile Poirier (Healthy), Tucker Poolman (Healthy)
% Time on Ice - Griffins
Lines # - Real PCT - Wanted PCT - Time Play
Normal Forward
1 - 31% - 35% - 13:01
2 - 32% - 35% - 13:19
3 - 22% - 20% - 9:09
4 - 15% - 10% - 6:30
Normal Defense
1 - 40% - 40% - 16:41
2 - 32% - 30% - 13:33
3 - 22% - 20% - 9:06
4 - 6% - 10% - 2:39
PP Forward
1 - 68% - 60% - 3:25
2 - 32% - 40% - 1:36
PP Defense
1 - 64% - 60% - 3:14
2 - 36% - 40% - 1:47
PK Forward
1 - 68% - 60% - 7:13
2 - 32% - 40% - 3:20
PK Defense
1 - 57% - 60% - 6:00
2 - 43% - 40% - 4:33
PK3 Forward
1 - 0% - 60%
2 - 0% - 40%
PK3 Defense
1 - 0% - 60%
2 - 0% - 40%
44 Forward
1 - 89% - 60% - 1:12
2 - 11% - 40% - 0:09
44 Defense
1 - 64% - 60% - 0:52
2 - 36% - 40% - 0:29
Last Minute Offensive - 1:06
Last Minute Defensive - 0:00
Total
Forward - 60:00
Defense - 60:00
|
% Time on Ice - Little Stars
Lines # - Real PCT - Wanted PCT - Time Play
Normal Forward
1 - 33% - 40% - 13:45
2 - 31% - 30% - 12:56
3 - 23% - 20% - 9:44
4 - 13% - 10% - 5:37
Normal Defense
1 - 43% - 40% - 18:09
2 - 32% - 30% - 13:28
3 - 23% - 20% - 9:40
4 - 2% - 10% - 0:45
PP Forward
1 - 58% - 60% - 6:06
2 - 42% - 40% - 4:27
PP Defense
1 - 64% - 60% - 6:46
2 - 36% - 40% - 3:47
PK Forward
1 - 95% - 60% - 4:46
2 - 5% - 40% - 0:15
PK Defense
1 - 55% - 60% - 2:47
2 - 45% - 40% - 2:14
PK3 Forward
1 - 0% - 60%
2 - 0% - 40%
PK3 Defense
1 - 0% - 60%
2 - 0% - 40%
44 Forward
1 - 85% - 60% - 1:09
2 - 15% - 40% - 0:12
44 Defense
1 - 60% - 60% - 0:49
2 - 40% - 40% - 0:32
Last Minute Offensive - 0:00
Last Minute Defensive - 1:03
Total
Forward - 60:00
Defense - 60:00
|
Play-by-Play
1st period
0:01 of 1st period - Robert Dome wins face-off versus Cam Atkinson in neutral zone.
0:06 of 1st period - Snap shot by Ben Hanowski.
0:06 of 1st period - Stopped by Matt Murray without a rebound.
0:07 of 1st period - Robert Dome wins face-off versus Brian Flynn in Little Stars zone.
0:17 of 1st period - Minor Penalty to Ben Hanowski for Goalie Interference.
0:18 of 1st period - Brendan Woods wins face-off versus Brian Flynn in Griffins zone.
1:04 of 1st period - Jordie Benn is hit by J.T. Brown and loses puck.
2:17 of 1st period - Penalty to Ben Hanowski is over, Ben Hanowski is back on ice.
3:52 of 1st period - Wrist shot by Shawn Matthias.
3:52 of 1st period - Stopped by Olivier Roy with a rebound.
4:07 of 1st period - Snap shot by Stanislav Chistov.
4:07 of 1st period - Stopped by Olivier Roy with a rebound.
4:21 of 1st period - Mirco Mueller is hit by Bo Horvat and loses puck.
4:36 of 1st period - Snap shot by Brian Flynn.
4:36 of 1st period - Shot Misses the Net.
4:42 of 1st period - Tyson Barrie is hit by Quinton Howden and loses puck.
4:55 of 1st period - Tye McGinn is hit by Curtis Glencross.
4:59 of 1st period - Curtis Glencross is hit by Tye McGinn.
5:35 of 1st period - Icing by Vladislav Namestnikov.
5:36 of 1st period - Vladislav Namestnikov wins face-off versus Dana Tyrell in Griffins zone.
5:53 of 1st period - Nathan Oystrick is hit by Dana Tyrell and loses puck.
6:13 of 1st period - Sean Monahan is hit by Cam Atkinson and loses puck.
6:29 of 1st period - Minor Penalty to Anton Slepyshev for Tripping.
6:30 of 1st period - Ben Hanowski wins face-off versus Brian Flynn in Griffins zone.
7:28 of 1st period - Ben Hanowski is hit by Shawn Matthias and loses puck.
8:29 of 1st period - Penalty to Anton Slepyshev is over, Anton Slepyshev is back on ice.
8:56 of 1st period - J.T. Brown is hit by Jordie Benn and loses puck.
10:37 of 1st period - Slapshot by Tye McGinn.
10:37 of 1st period - Stopped by Matt Murray without a rebound.
10:38 of 1st period - Robert Dome wins face-off versus Dana Tyrell in Little Stars zone.
10:58 of 1st period - Minor Penalty to Shawn Matthias for Hooking.
10:59 of 1st period - Bo Horvat wins face-off versus Sean Monahan in Little Stars zone.
11:17 of 1st period - Nathan Oystrick is hit by Bo Horvat and loses puck.
12:03 of 1st period - Curtis Glencross is hit by Petr Pohl and loses puck.
12:58 of 1st period - Penalty to Shawn Matthias is over, Shawn Matthias is back on ice.
13:09 of 1st period - Backhand shot by Shawn Matthias.
13:09 of 1st period - Shot Misses the Net.
13:29 of 1st period - Slapshot by Jesse Joensuu.
13:29 of 1st period - Shot Misses the Net.
13:31 of 1st period - Snap shot by Phil Oreskovic.
13:31 of 1st period - Stopped by Olivier Roy without a rebound.
13:32 of 1st period - Vladislav Namestnikov wins face-off versus Dana Tyrell in Griffins zone.
13:32 of 1st period - Vladislav Namestnikov is hit by Dana Tyrell.
13:38 of 1st period - Stanislav Chistov is hit by Brendan Woods.
13:50 of 1st period - Snap shot by Jesse Joensuu.
13:50 of 1st period - Shot Misses the Net.
13:52 of 1st period - Slapshot by Anton Cederholm.
13:52 of 1st period - Shot Blocked by Ben Hanowski.
13:54 of 1st period - Slapshot by Anton Cederholm.
13:54 of 1st period - Stopped by Olivier Roy with a rebound.
14:12 of 1st period - Slapshot by Tyson Barrie.
14:12 of 1st period - Shot Misses the Net.
14:14 of 1st period - Wrist shot by Alexander Vasyunov.
14:14 of 1st period - Stopped by Olivier Roy without a rebound.
14:15 of 1st period - Sean Monahan wins face-off versus Brian Flynn in Griffins zone.
14:40 of 1st period - Snap shot by Dana Tyrell.
14:40 of 1st period - Shot Misses the Net.
14:42 of 1st period - Snap shot by Dana Tyrell.
14:42 of 1st period - Stopped by Olivier Roy with a rebound.
14:44 of 1st period - Slapshot by Jordie Benn.
14:44 of 1st period - Shot Blocked by Keith Seabrook.
14:46 of 1st period - Backhand shot by Tyson Barrie.
14:46 of 1st period - Stopped by Olivier Roy with a rebound.
14:57 of 1st period - Minor Penalty to Curtis Glencross for Tripping.
14:58 of 1st period - Sean Monahan wins face-off versus Cam Atkinson in Little Stars zone.
15:00 of 1st period - Snap shot by Nathan Gerbe.
15:00 of 1st period - Shot Misses the Net.
15:02 of 1st period - Wrist shot by Petr Pohl.
15:02 of 1st period - Stopped by Matt Murray with a rebound.
15:04 of 1st period - Snap shot by Petr Pohl.
15:04 of 1st period - Shot Misses the Net.
15:06 of 1st period - Snap shot by Nathan Gerbe.
15:06 of 1st period - Shot Misses the Net.
15:08 of 1st period - Snap shot by Sean Monahan.
15:08 of 1st period - Goal by Sean Monahan - Griffins : 1 - Little Stars : 0.
15:09 of 1st period - Sean Monahan wins face-off versus Brian Flynn in neutral zone.
15:16 of 1st period - Snap shot by Petr Pohl.
15:16 of 1st period - Shot Misses the Net.
15:20 of 1st period - Wrist shot by Sean Monahan.
15:20 of 1st period - Shot Blocked by Brian Flynn.
15:22 of 1st period - Slapshot by Mirco Mueller.
15:22 of 1st period - Stopped by Matt Murray without a rebound.
15:23 of 1st period - Brian Flynn wins face-off versus Robert Dome in Little Stars zone.
15:28 of 1st period - Slapshot by Phil Oreskovic.
15:28 of 1st period - Stopped by Olivier Roy with a rebound.
15:30 of 1st period - Slapshot by Phil Oreskovic.
15:30 of 1st period - Stopped by Olivier Roy without a rebound.
15:31 of 1st period - Robert Dome wins face-off versus Brian Flynn in Griffins zone.
15:53 of 1st period - Minor Penalty to Bryan Young for Slashing.
15:54 of 1st period - Brendan Woods wins face-off versus Brian Flynn in Griffins zone.
16:02 of 1st period - Slapshot by Phil Oreskovic.
16:02 of 1st period - Stopped by Olivier Roy with a rebound.
17:53 of 1st period - Penalty to Bryan Young is over, Bryan Young is back on ice.
18:08 of 1st period - Off-side.
18:09 of 1st period - Mathieu Perreault wins face-off versus Nathan Gerbe in neutral zone.
18:16 of 1st period - Off-side.
18:17 of 1st period - Curtis Glencross wins face-off versus Sean Monahan in neutral zone.
18:22 of 1st period - Snap shot by Curtis Glencross.
18:22 of 1st period - Shot Blocked by Petr Pohl.
18:24 of 1st period - Snap shot by Dana Tyrell.
18:24 of 1st period - Deflect By Curtis Glencross.
18:24 of 1st period - Shot Blocked by Petr Pohl.
18:24 of 1st period - Puck is out of play.
18:25 of 1st period - Sean Monahan wins face-off versus Dana Tyrell in Griffins zone.
Goals for this period are 1 for Griffins vs 0 for Little Stars.
Shots for this period are 5 for Griffins vs 10 for Little Stars.
2nd period
0:01 of 2nd period - Brian Flynn wins face-off versus Robert Dome in neutral zone.
0:38 of 2nd period - Snap shot by Anton Slepyshev.
0:38 of 2nd period - Shot Blocked by Tyson Barrie.
0:48 of 2nd period - Snap shot by Vladislav Namestnikov.
0:48 of 2nd period - Stopped by Matt Murray with a rebound.
1:10 of 2nd period - Snap shot by Nathan Gerbe.
1:10 of 2nd period - Shot Misses the Net.
1:12 of 2nd period - Slapshot by Mirco Mueller.
1:12 of 2nd period - Stopped by Matt Murray without a rebound.
1:13 of 2nd period - Mathieu Perreault wins face-off versus Sean Monahan in Little Stars zone.
1:13 of 2nd period - Mathieu Perreault is hit by Nathan Gerbe.
1:45 of 2nd period - Off-side.
1:46 of 2nd period - Cam Atkinson wins face-off versus Robert Dome in neutral zone.
2:27 of 2nd period - Minor Penalty to Curtis Glencross for Holding.
2:28 of 2nd period - Cam Atkinson wins face-off versus Sean Monahan in Little Stars zone.
2:39 of 2nd period - Wrist shot by Petr Pohl.
2:39 of 2nd period - Stopped by Matt Murray with a rebound.
2:41 of 2nd period - Slapshot by Nathan Oystrick.
2:41 of 2nd period - Deflect By Phil Oreskovic.
2:41 of 2nd period - Goal by Nathan Oystrick - Griffins : 2 - Little Stars : 0.
2:42 of 2nd period - Brian Flynn wins face-off versus Robert Dome in neutral zone.
2:44 of 2nd period - Phil Oreskovic is hit by Keith Seabrook and loses puck.
2:57 of 2nd period - Wrist shot by Tye McGinn.
2:57 of 2nd period - Shot Misses the Net.
3:07 of 2nd period - Sean Monahan is hit by Dana Tyrell and loses puck.
3:36 of 2nd period - Snap shot by Vladislav Namestnikov.
3:36 of 2nd period - Shot Misses the Net.
3:52 of 2nd period - Wrist shot by Quinton Howden.
3:52 of 2nd period - Shot Misses the Net.
3:54 of 2nd period - Slapshot by Bryan Young.
3:54 of 2nd period - Shot Misses the Net.
3:56 of 2nd period - Snap shot by Mirco Mueller.
3:56 of 2nd period - Shot Misses the Net.
3:58 of 2nd period - Snap shot by Anton Slepyshev.
3:58 of 2nd period - Deflect By Quinton Howden.
3:58 of 2nd period - Stopped by Matt Murray with a rebound.
4:07 of 2nd period - Icing by Brian Flynn.
4:08 of 2nd period - Robert Dome wins face-off versus Brian Flynn in Little Stars zone.
4:11 of 2nd period - Wrist shot by Robert Dome.
4:11 of 2nd period - Shot Blocked by Cam Atkinson.
4:16 of 2nd period - Off-side.
4:17 of 2nd period - Robert Dome wins face-off versus Brian Flynn in neutral zone.
4:30 of 2nd period - Snap shot by Tye McGinn.
4:30 of 2nd period - Shot Misses the Net.
4:32 of 2nd period - Backhand shot by Simon Despres.
4:32 of 2nd period - Stopped by Matt Murray without a rebound.
4:33 of 2nd period - Dana Tyrell wins face-off versus Nathan Gerbe in Little Stars zone.
4:38 of 2nd period - Dana Tyrell is hit by Nathan Gerbe and loses puck.
4:59 of 2nd period - Robert Dome is hit by Shawn Matthias and loses puck.
5:23 of 2nd period - Snap shot by J.T. Brown.
5:23 of 2nd period - Shot Blocked by Jordie Benn.
5:41 of 2nd period - Snap shot by Alexander Vasyunov.
5:41 of 2nd period - Shot Blocked by Keith Seabrook.
6:01 of 2nd period - Sean Monahan is hit by Dana Tyrell and loses puck.
6:10 of 2nd period - Snap shot by Curtis Glencross.
6:10 of 2nd period - Shot Blocked by Petr Pohl.
6:12 of 2nd period - Wrist shot by Dana Tyrell.
6:12 of 2nd period - Shot Misses the Net.
6:26 of 2nd period - Phil Oreskovic is hit by Ben Hanowski and loses puck.
6:31 of 2nd period - Wrist shot by Robert Dome.
6:31 of 2nd period - Shot Blocked by Cam Atkinson.
6:33 of 2nd period - Slapshot by Ben Hanowski.
6:33 of 2nd period - Shot Blocked by Andrej Sustr.
6:35 of 2nd period - Slapshot by Bryan Young.
6:35 of 2nd period - Deflect By Robert Dome.
6:35 of 2nd period - Stopped by Matt Murray with a rebound.
6:45 of 2nd period - Nathan Oystrick is hit by Andrej Sustr and loses puck.
7:17 of 2nd period - Wrist shot by Curtis Glencross.
7:17 of 2nd period - Stopped by Olivier Roy without a rebound.
7:18 of 2nd period - Robert Dome wins face-off versus Brian Flynn in Griffins zone.
7:43 of 2nd period - Snap shot by J.T. Brown.
7:43 of 2nd period - Shot Misses the Net.
7:45 of 2nd period - Slapshot by Ian McCoshen.
7:45 of 2nd period - Stopped by Matt Murray without a rebound.
7:46 of 2nd period - Dana Tyrell wins face-off versus Quinton Howden in Little Stars zone.
8:13 of 2nd period - Robert Dome is hit by Andrej Sustr and loses puck.
8:18 of 2nd period - Wrist shot by Mathieu Perreault.
8:18 of 2nd period - Stopped by Olivier Roy with a rebound.
8:54 of 2nd period - Slapshot by Jordie Benn.
8:54 of 2nd period - Stopped by Olivier Roy with a rebound.
8:56 of 2nd period - Snap shot by Jordie Benn.
8:56 of 2nd period - Stopped by Olivier Roy with a rebound.
8:58 of 2nd period - Slapshot by Tyson Barrie.
8:58 of 2nd period - Shot Blocked by Simon Despres.
9:00 of 2nd period - Snap shot by Jordie Benn.
9:00 of 2nd period - Shot Blocked by Simon Despres.
9:43 of 2nd period - Backhand shot by Quinton Howden.
9:43 of 2nd period - Shot Blocked by Shawn Matthias.
9:45 of 2nd period - Wrist shot by Quinton Howden.
9:45 of 2nd period - Shot Misses the Net.
9:47 of 2nd period - Slapshot by Mirco Mueller.
9:47 of 2nd period - Shot Misses the Net.
9:49 of 2nd period - Snap shot by Mirco Mueller.
9:49 of 2nd period - Goal by Mirco Mueller - Griffins : 3 - Little Stars : 0.
9:50 of 2nd period - Brian Flynn wins face-off versus Robert Dome in neutral zone.
10:36 of 2nd period - Slapshot by Jordie Benn.
10:36 of 2nd period - Shot Misses the Net.
10:53 of 2nd period - Snap shot by Bo Horvat.
10:53 of 2nd period - Shot Misses the Net.
10:57 of 2nd period - Slapshot by Alexander Vasyunov.
10:57 of 2nd period - Goal by Alexander Vasyunov - Griffins : 3 - Little Stars : 1.
10:58 of 2nd period - Brian Flynn wins face-off versus Robert Dome in neutral zone.
11:05 of 2nd period - Slapshot by Brian Flynn.
11:05 of 2nd period - Shot Blocked by Keith Seabrook.
11:07 of 2nd period - Wrist shot by Brian Flynn.
11:07 of 2nd period - Shot Blocked by Robert Dome.
11:09 of 2nd period - Wrist shot by Cam Atkinson.
11:09 of 2nd period - Shot Misses the Net.
11:11 of 2nd period - Snap shot by Shawn Matthias.
11:11 of 2nd period - Goal by Shawn Matthias - Griffins : 3 - Little Stars : 2.
11:12 of 2nd period - Brian Flynn wins face-off versus Robert Dome in neutral zone.
11:17 of 2nd period - Slapshot by Andrej Sustr.
11:17 of 2nd period - Stopped by Olivier Roy with a rebound.
11:38 of 2nd period - Stanislav Chistov is hit by Keith Seabrook and loses puck.
11:59 of 2nd period - Wrist shot by Jesse Joensuu.
11:59 of 2nd period - Shot Misses the Net.
12:06 of 2nd period - Icing by Quinton Howden.
12:07 of 2nd period - Brian Flynn wins face-off versus Quinton Howden in Griffins zone.
12:10 of 2nd period - Snap shot by Cam Atkinson.
12:10 of 2nd period - Shot Misses the Net.
12:12 of 2nd period - Snap shot by Brian Flynn.
12:12 of 2nd period - Stopped by Olivier Roy with a rebound.
12:14 of 2nd period - Slapshot by Tyler Wotherspoon.
12:14 of 2nd period - Stopped by Olivier Roy without a rebound.
12:15 of 2nd period - Brian Flynn wins face-off versus Robert Dome in Griffins zone.
13:11 of 2nd period - Minor Penalty to Nathan Oystrick for Tripping.
13:12 of 2nd period - Ben Hanowski wins face-off versus Brian Flynn in Griffins zone.
13:24 of 2nd period - Slapshot by Shawn Matthias.
13:24 of 2nd period - Deflect By Cam Atkinson.
13:24 of 2nd period - Stopped by Olivier Roy without a rebound.
13:25 of 2nd period - Brian Flynn wins face-off versus Ben Hanowski in Griffins zone.
13:32 of 2nd period - Snap shot by Brian Flynn.
13:32 of 2nd period - Stopped by Olivier Roy without a rebound.
13:33 of 2nd period - Brian Flynn wins face-off versus Ben Hanowski in Griffins zone.
13:46 of 2nd period - Snap shot by Phil Oreskovic.
13:46 of 2nd period - Stopped by Olivier Roy with a rebound.
13:48 of 2nd period - Slapshot by Phil Oreskovic.
13:48 of 2nd period - Shot Blocked by Keith Seabrook.
15:11 of 2nd period - Penalty to Nathan Oystrick is over, Nathan Oystrick is back on ice.
15:29 of 2nd period - Wrist shot by J.T. Brown.
15:29 of 2nd period - Shot Misses the Net.
15:47 of 2nd period - Snap shot by Bo Horvat.
15:47 of 2nd period - Goal by Bo Horvat - Griffins : 3 - Little Stars : 3.
15:48 of 2nd period - Robert Dome wins face-off versus Brian Flynn in neutral zone.
15:59 of 2nd period - Slapshot by Brian Flynn.
15:59 of 2nd period - Shot Misses the Net.
16:01 of 2nd period - Slapshot by Andrej Sustr.
16:01 of 2nd period - Shot Blocked by Ben Hanowski.
16:21 of 2nd period - Slapshot by Jesse Joensuu.
16:21 of 2nd period - Shot Misses the Net.
16:23 of 2nd period - Slapshot by Anton Cederholm.
16:23 of 2nd period - Stopped by Olivier Roy with a rebound.
16:25 of 2nd period - Slapshot by Tyler Wotherspoon.
16:25 of 2nd period - Deflect By Jesse Joensuu.
16:25 of 2nd period - Shot Misses the Net.
16:25 of 2nd period - Puck is out of play.
16:26 of 2nd period - Sean Monahan wins face-off versus Brian Flynn in Griffins zone.
16:26 of 2nd period - Sean Monahan is hit by Cam Atkinson.
16:37 of 2nd period - Minor Penalty to Cam Atkinson for Holding Stick.
16:38 of 2nd period - Nathan Gerbe wins face-off versus Bo Horvat in Little Stars zone.
16:42 of 2nd period - Snap shot by Petr Pohl.
16:42 of 2nd period - Stopped by Matt Murray with a rebound.
16:48 of 2nd period - Snap shot by Shawn Matthias.
16:48 of 2nd period - Deflect By Petr Pohl.
16:48 of 2nd period - Shot Misses the Net.
16:48 of 2nd period - Puck is out of play.
16:49 of 2nd period - Bo Horvat wins face-off versus Sean Monahan in Griffins zone.
16:58 of 2nd period - Sean Monahan is hit by Andrej Sustr.
17:19 of 2nd period - Phil Oreskovic is hit by Bryan Young and loses puck.
17:38 of 2nd period - Snap shot by Bo Horvat.
17:38 of 2nd period - Shot Misses the Net.
18:37 of 2nd period - Penalty to Cam Atkinson is over, Cam Atkinson is back on ice.
18:48 of 2nd period - Vladislav Namestnikov is hit by Jordie Benn and loses puck.
19:03 of 2nd period - Minor Penalty to Nicholas Baptiste for Roughing.
19:04 of 2nd period - Brendan Woods wins face-off versus Brian Flynn in Griffins zone.
19:04 of 2nd period - Brendan Woods is hit by Shawn Matthias.
19:40 of 2nd period - Wrist shot by Stanislav Chistov.
19:40 of 2nd period - Stopped by Olivier Roy without a rebound.
19:41 of 2nd period - Dana Tyrell wins face-off versus Tye McGinn in Griffins zone.
19:54 of 2nd period - Snap shot by Dana Tyrell.
19:54 of 2nd period - Deflect By Curtis Glencross.
19:54 of 2nd period - Shot Misses the Net.
19:54 of 2nd period - Puck is out of play.
19:55 of 2nd period - Cam Atkinson wins face-off versus Ben Hanowski in Griffins zone.
19:56 of 2nd period - Snap shot by Brian Flynn.
19:56 of 2nd period - Shot Misses the Net.
19:58 of 2nd period - Snap shot by Cam Atkinson.
19:58 of 2nd period - Stopped by Olivier Roy without a rebound.
19:59 of 2nd period - Ben Hanowski wins face-off versus Shawn Matthias in Griffins zone.
Goals for this period are 2 for Griffins vs 3 for Little Stars.
Shots for this period are 10 for Griffins vs 16 for Little Stars.
3rd period
0:01 of 3rd period - Ben Hanowski wins face-off versus Brian Flynn in neutral zone.
1:03 of 3rd period - Penalty to Nicholas Baptiste is over, Nicholas Baptiste is back on ice.
1:31 of 3rd period - Anton Cederholm is hit by Petr Pohl and loses puck.
2:22 of 3rd period - Snap shot by Bo Horvat.
2:22 of 3rd period - Stopped by Olivier Roy with a rebound.
2:38 of 3rd period - Snap shot by Cam Atkinson.
2:38 of 3rd period - Stopped by Olivier Roy with a rebound.
2:54 of 3rd period - Snap shot by Anton Slepyshev.
2:54 of 3rd period - Stopped by Matt Murray with a rebound.
3:50 of 3rd period - Ian McCoshen is hit by Shawn Matthias and loses puck.
4:10 of 3rd period - Alexander Vasyunov is hit by Petr Pohl and loses puck.
4:45 of 3rd period - Nathan Oystrick is hit by Scott Kosmachuck and loses puck.
5:04 of 3rd period - Off-side.
5:05 of 3rd period - Robert Dome wins face-off versus Shawn Matthias in neutral zone.
5:08 of 3rd period - Shawn Matthias is hit by Robert Dome and loses puck.
5:17 of 3rd period - Snap shot by Tye McGinn.
5:17 of 3rd period - Deflect By Robert Dome.
5:17 of 3rd period - Shot Misses the Net.
5:17 of 3rd period - Puck is out of play.
5:18 of 3rd period - Brian Flynn wins face-off versus Sean Monahan in Little Stars zone.
5:33 of 3rd period - Snap shot by Shawn Matthias.
5:33 of 3rd period - Shot Blocked by Nathan Gerbe.
5:45 of 3rd period - Dana Tyrell is hit by Ian McCoshen and loses puck.
6:31 of 3rd period - Wrist shot by Stanislav Chistov.
6:31 of 3rd period - Shot Misses the Net.
6:33 of 3rd period - Snap shot by Dana Tyrell.
6:33 of 3rd period - Deflect By Curtis Glencross.
6:33 of 3rd period - Goal by Curtis Glencross - Griffins : 3 - Little Stars : 4.
6:34 of 3rd period - Nathan Gerbe wins face-off versus Brian Flynn in neutral zone.
6:47 of 3rd period - Slapshot by Nathan Gerbe.
6:47 of 3rd period - Shot Blocked by Brian Flynn.
6:49 of 3rd period - Snap shot by Petr Pohl.
6:49 of 3rd period - Shot Blocked by Shawn Matthias.
7:04 of 3rd period - Scott Kosmachuck is hit by Tye McGinn and loses puck.
7:21 of 3rd period - Snap shot by J.T. Brown.
7:21 of 3rd period - Shot Misses the Net.
7:23 of 3rd period - Slapshot by Mirco Mueller.
7:23 of 3rd period - Stopped by Matt Murray without a rebound.
7:24 of 3rd period - Bo Horvat wins face-off versus Sean Monahan in Little Stars zone.
7:50 of 3rd period - Tye McGinn is hit by Andrej Sustr and loses puck.
8:14 of 3rd period - Snap shot by J.T. Brown.
8:14 of 3rd period - Stopped by Matt Murray without a rebound.
8:15 of 3rd period - Dana Tyrell wins face-off versus Quinton Howden in Little Stars zone.
8:40 of 3rd period - Snap shot by Anton Slepyshev.
8:40 of 3rd period - Shot Misses the Net.
8:50 of 3rd period - Quinton Howden is hit by Curtis Glencross and loses puck.
9:17 of 3rd period - Slapshot by Phil Oreskovic.
9:17 of 3rd period - Stopped by Olivier Roy without a rebound.
9:18 of 3rd period - Sean Monahan wins face-off versus Brian Flynn in Griffins zone.
9:25 of 3rd period - Snap shot by Nathan Gerbe.
9:25 of 3rd period - Stopped by Matt Murray with a rebound.
9:31 of 3rd period - Slapshot by Tyson Barrie.
9:31 of 3rd period - Stopped by Olivier Roy with a rebound.
9:33 of 3rd period - Slapshot by Shawn Matthias.
9:33 of 3rd period - Shot Misses the Net.
9:43 of 3rd period - Jordie Benn is hit by Keith Seabrook and loses puck.
9:47 of 3rd period - Icing by Jordie Benn.
9:48 of 3rd period - Mathieu Perreault wins face-off versus Robert Dome in Little Stars zone.
9:48 of 3rd period - Mathieu Perreault is hit by Bryan Young.
9:58 of 3rd period - Icing by Tye McGinn.
9:59 of 3rd period - Robert Dome wins face-off versus Brian Flynn in Griffins zone.
10:24 of 3rd period - Slapshot by Bryan Young.
10:24 of 3rd period - Stopped by Matt Murray with a rebound.
10:26 of 3rd period - Slapshot by Nathan Gerbe.
10:26 of 3rd period - Shot Blocked by Stanislav Chistov.
10:28 of 3rd period - Slapshot by Mirco Mueller.
10:28 of 3rd period - Stopped by Matt Murray with a rebound.
10:30 of 3rd period - Slapshot by Mirco Mueller.
10:30 of 3rd period - Deflect By Nathan Gerbe.
10:30 of 3rd period - Stopped by Matt Murray with a rebound.
10:32 of 3rd period - Snap shot by Sean Monahan.
10:32 of 3rd period - Shot Misses the Net.
10:48 of 3rd period - J.T. Brown is hit by Jesse Joensuu and loses puck.
11:10 of 3rd period - Slapshot by Tyson Barrie.
11:10 of 3rd period - Stopped by Olivier Roy without a rebound.
11:11 of 3rd period - Vladislav Namestnikov wins face-off versus Brian Flynn in Griffins zone.
11:18 of 3rd period - Wrist shot by Nicholas Baptiste.
11:18 of 3rd period - Stopped by Matt Murray with a rebound.
11:20 of 3rd period - Slapshot by Ian McCoshen.
11:20 of 3rd period - Shot Misses the Net.
11:22 of 3rd period - Slapshot by Ian McCoshen.
11:22 of 3rd period - Shot Blocked by Cam Atkinson.
11:36 of 3rd period - Brian Flynn is hit by Brendan Woods and loses puck.
11:45 of 3rd period - Snap shot by Simon Despres.
11:45 of 3rd period - Deflect By Vladislav Namestnikov.
11:45 of 3rd period - Shot Misses the Net.
11:45 of 3rd period - Puck is out of play.
11:46 of 3rd period - Sean Monahan wins face-off versus Dana Tyrell in Little Stars zone.
11:57 of 3rd period - Curtis Glencross is hit by Sean Monahan and loses puck.
12:20 of 3rd period - Wrist shot by Alexander Vasyunov.
12:20 of 3rd period - Shot Misses the Net.
12:22 of 3rd period - Wrist shot by Alexander Vasyunov.
12:22 of 3rd period - Shot Misses the Net.
12:24 of 3rd period - Snap shot by Justin Auger.
12:24 of 3rd period - Shot Blocked by Petr Pohl.
12:40 of 3rd period - Scott Kosmachuck is hit by Simon Despres and loses puck.
13:05 of 3rd period - Snap shot by Quinton Howden.
13:05 of 3rd period - Stopped by Matt Murray without a rebound.
13:06 of 3rd period - Brian Flynn wins face-off versus Robert Dome in Little Stars zone.
13:38 of 3rd period - Snap shot by Quinton Howden.
13:38 of 3rd period - Stopped by Matt Murray without a rebound.
13:39 of 3rd period - Brian Flynn wins face-off versus Sean Monahan in Little Stars zone.
13:44 of 3rd period - Slapshot by Cam Atkinson.
13:44 of 3rd period - Stopped by Olivier Roy with a rebound.
14:11 of 3rd period - Simon Despres is hit by Dana Tyrell and loses puck.
14:30 of 3rd period - Slapshot by Phil Oreskovic.
14:30 of 3rd period - Shot Blocked by Simon Despres.
14:32 of 3rd period - Snap shot by Jesse Joensuu.
14:32 of 3rd period - Stopped by Olivier Roy with a rebound.
14:34 of 3rd period - Slapshot by Phil Oreskovic.
14:34 of 3rd period - Shot Blocked by Keith Seabrook.
14:36 of 3rd period - Wrist shot by Scott Kosmachuck.
14:36 of 3rd period - Stopped by Olivier Roy without a rebound.
14:37 of 3rd period - Sean Monahan wins face-off versus Brian Flynn in Griffins zone.
14:37 of 3rd period - Sean Monahan is hit by Andrej Sustr.
14:40 of 3rd period - Minor Penalty to Nathan Gerbe for Cross-checking.
14:41 of 3rd period - Cam Atkinson wins face-off versus Ben Hanowski in Griffins zone.
15:18 of 3rd period - Minor Penalty to Brian Flynn for Slashing.
15:19 of 3rd period - Cam Atkinson wins face-off versus Sean Monahan in Little Stars zone.
16:11 of 3rd period - Cam Atkinson is hit by Ian McCoshen and loses puck.
16:18 of 3rd period - Slapshot by Tye McGinn.
16:18 of 3rd period - Stopped by Matt Murray with a rebound.
16:30 of 3rd period - Petr Pohl is hit by Curtis Glencross.
16:40 of 3rd period - Penalty to Nathan Gerbe is over, Nathan Gerbe is back on ice.
16:52 of 3rd period - Mathieu Perreault is hit by Nathan Gerbe and loses puck.
17:09 of 3rd period - Curtis Glencross is hit by Ian McCoshen and loses puck.
17:18 of 3rd period - Penalty to Brian Flynn is over, Brian Flynn is back on ice.
17:18 of 3rd period - Snap shot by Stanislav Chistov.
17:18 of 3rd period - Shot Misses the Net.
17:20 of 3rd period - Snap shot by Brian Flynn.
17:20 of 3rd period - Stopped by Olivier Roy with a rebound.
17:22 of 3rd period - Slapshot by Curtis Glencross.
17:22 of 3rd period - Stopped by Olivier Roy without a rebound.
17:23 of 3rd period - Bo Horvat wins face-off versus Vladislav Namestnikov in Griffins zone.
17:32 of 3rd period - Slapshot by Nicholas Baptiste.
17:32 of 3rd period - Shot Misses the Net.
18:44 of 3rd period - Snap shot by Stanislav Chistov.
18:44 of 3rd period - Stopped by Olivier Roy with a rebound.
19:00 of 3rd period - Quinton Howden is hit by Brian Flynn and loses puck.
19:40 of 3rd period - Snap shot by Cam Atkinson.
19:40 of 3rd period - Deflect By Brian Flynn.
19:40 of 3rd period - Stopped by Olivier Roy with a rebound.
19:42 of 3rd period - Wrist shot by Cam Atkinson.
19:42 of 3rd period - Stopped by Olivier Roy without a rebound.
19:43 of 3rd period - Kirk Muller call a timeout for Griffins.
19:43 of 3rd period - Brian Flynn wins face-off versus Quinton Howden in Griffins zone.
Goals for this period are 0 for Griffins vs 1 for Little Stars.
Shots for this period are 11 for Griffins vs 14 for Little Stars.
Back to the Top